 Dungeon Crawl Stone Soup version 0.23.2-40-g277498a001 (webtiles) character file.

Game seed: 5627312169785354665

15565 Frank2 the Cleaver (level 11, -10/91 HPs)
             Began as a Demigod Gladiator on Sept 10, 2019.
             Mangled by an orc warlord
             ... wielding a +0 long sword
              (26 damage)
             ... on level 2 of the Orcish Mines.
             The game lasted 01:10:36 (13073 turns).

Frank2 the Cleaver (Demigod Gladiator)             Turns: 13073, Time: 01:10:36

Health: -10/91     AC: 18    Str: 19    XL:     11   Next: 71%
Magic:  18/18      EV: 13    Int: 12    God:
Gold:   1140       SH:  0    Dex: 21    Spells: 10/10 levels left

rFire    + . .     SeeInvis .   p - +1 battleaxe (chop)
rCold    . . .     Gourm    .   (shield currently unavailable)
rNeg     + . .     Faith    .   m - +3 scale mail
rPois    .         Spirit   .   c - +2 helmet
rElec    .         Reflect  .   g - scarf {cloud immunity}
rCorr    .         Harm     .   (no gloves)
MR       +....                  n - +2 pair of boots
Stlth    ..........             (no amulet)
HPRegen  0.25/turn              q - ring of positive energy
MPRegen  0.16/turn              a - ring of protection from fire

@: lightly drained
A: high mp 1
a: no special abilities


You were on level 2 of the Orcish Mines.
You were hungry.

You visited 2 branches of the dungeon, and saw 12 of its levels.
You also visited: Sewer and Ossuary.

You collected 1140 gold pieces.

Inventory:

Hand Weapons
 k - a +4 scimitar of flaming
 p - a +1 battleaxe of chopping (weapon)
Armour
 c - a +2 helmet (worn)
 d - a +3 chain mail of poison resistance
 g - a scarf of cloud immunity (worn)
 m - a +3 scale mail (worn)
 n - a +2 pair of boots (worn)
Jewellery
 a - a ring of protection from fire (right hand)
 q - a ring of positive energy (left hand)
 w - an uncursed ring of fire
 x - an uncursed ring of poison resistance {unknown}
Wands
 b - a wand of flame (3)
Scrolls
 l - 11 scrolls of remove curse
 o - 4 scrolls of identify
 u - 4 scrolls of teleportation
 B - a scroll of brand weapon
Potions
 e - 7 potions of flight
 j - 7 potions of curing
 r - a potion of ambrosia
 s - a potion of haste
 t - a potion of cancellation
 v - 2 potions of heal wounds
Comestibles
 f - 13 rations


   Skills:
 + Level 6.8(6.6) Fighting
 + Level 12.3(12.2) Axes
 - Level 1.7(1.6) Throwing
 * Level 9.1(9.0) Armour
 + Level 5.0(4.9) Dodging
 * Level 5.4(5.2) Evocations


You had 10 spell levels left.
You didn't know any spells.
Your spell library contained the following spells:

 Spells                   Type           Power        Failure   Level  Hunger
 Animate Skeleton         Necr           N/A          63%         1    ##.....
 Apportation              Tloc           #.....       63%         1    ##.....
 Confusing Touch          Hex            #.....       63%         1    ##.....
 Magic Dart               Conj           #...         63%         1    ##.....
 Summon Small Mammal      Summ           #...         63%         1    ##.....
 Blink                    Tloc           N/A          77%         2    ###....
 Call Imp                 Summ           #.......     77%         2    ###....
 Slow                     Hex            #.......     77%         2    ###....
 Conjure Flame            Conj/Fire      #.......     94%         3    ####...
 Mephitic Cloud           Conj/Pois/Air  #.......     94%         3    ####...


Dungeon Overview and Level Annotations

Branches:
Dungeon (10/15)            Temple (0/1) D:6            Lair (0/6) D:9
    Orc (2/2) D:10            Elf (0/3) Orc:2

Portals:
Trove: D:10 (give +8 demon blade)

Annotations:
D:8 exclusions: obsidian statue and orange crystal statue


Innate Abilities, Weirdness & Mutations

You have an increased reservoir of magic. (+10% MP)


Message History

You hit the orc warlord but do no damage.
The orc warlord is heavily wounded.
The orc warlord hits you with a +0 long sword!!
* * * LOW HITPOINT WARNING * * *
You slash the orc warlord!
The orc warlord is severely wounded.
The orc warlord hits you but does no damage.
You closely miss the orc warlord.
The orc warlord is severely wounded.
The orc warlord hits you with a +0 long sword.
* * * LOW HITPOINT WARNING * * *
You barely miss the orc warlord.
The orc warlord is severely wounded.
The orc warlord hits you but does no damage.
You closely miss the orc warlord.
The orc warlord is severely wounded.
The orc warrior no longer looks unusually strong.
The orc no longer looks unusually strong.
The orc warlord hits you with a +0 long sword!!
You die...

#........#
.........
.....#...
#........ .
##........ .
##......... .
#####ooo.......
.
##.#.#ooo.......
.
#....@#T........
.
##...##.........
.
#....##........
.
##.............
. ###...........
#.......... #
##......#. .
#......... .
##........


You could see an orc warlord, an orc warrior, an orc wizard and 3 orcs.

Vanquished Creatures
  An orc warlord (Orc:1)
  Harold (D:10)
  A two-headed ogre (Orc:1)
  Erica (D:10)
  3 death yaks
  Pikel (D:5)
  4 trolls
  A hippogriff (D:8)
  Sigmund (D:5)
  4 hogs
  Eustachio (D:5)
  A human (D:7)
  6 wargs
  Menkaure (D:6)
  Edmund (D:5)
  The ghost of rlgrobin the Covered, an amateur VSFi (D:4)
  2 porcupines (D:9)
  9 orc warriors
  A black bear (D:9)
  4 ice beasts
  4 sky beasts
  A hornet zombie (D:5)
  A necrophage (D:6)
  5 phantoms
  8 ogres
  5 centaurs
  Blork the orc (D:6)
  6 big kobolds
  A bullfrog (D:8)
  3 scorpions
  15 killer bees
  A howler monkey (D:9)
  3 wights (D:9)
  3 crimson imps
  A quasit (D:10)
  A centaur zombie (Ossuary)
  3 human zombies (Ossuary)
  A bullfrog zombie (D:5)
  3 jellies
  5 hounds
  4 orc priests
  4 bullfrog skeletons
  A centaur skeleton (D:7)
  12 orc wizards
  Terence (D:3)
  3 iguanas
  A hell rat (D:9)
  4 worker ants
  4 hound zombies
  3 mummies (Ossuary)
  A hound skeleton (D:4)
  2 worker ant zombies
  21 adders
  A river rat (D:9)
  3 oozes
  3 adder zombies (Ossuary)
  An adder skeleton (D:8)
  2 worms
  2 dart slugs
  8 leopard geckos
  36 orcs
  6 bats
  4 giant cockroaches
  5 hobgoblins
  4 jackals (D:8)
  7 quokkas
  5 ball pythons
  10 frilled lizards
  A giant cockroach zombie (D:5)
  4 gnoll zombies (Ossuary)
  8 goblins
  5 goblin zombies
  A hobgoblin zombie (Ossuary)
  A jackal skeleton (D:7)
  3 jackal zombies (Ossuary)
  23 kobolds
  3 kobold zombies (Ossuary)
  3 orc zombies (Ossuary)
  A quokka skeleton (D:5)
  6 quokka zombies (Ossuary)
  6 rats
  3 rat zombies (Ossuary)
342 creatures vanquished.

Vanquished Creatures (collateral kills)
  2 orc warriors (Orc:1)
  2 orc priests (Orc:1)
  3 orcs (Orc:1)
7 creatures vanquished.

Vanquished Creatures (others)
  A human (D:2)
  An orc wizard (D:8)
2 creatures vanquished.

Grand Total: 351 creatures vanquished

Notes
Turn   | Place    | Note
-------+----------+-------------------------------------------
     0 | D:1      | Frank2 the Demigod Gladiator began the quest for the Orb.
     0 | D:1      | Reached XP level 1. HP: 17/17 MP: 3/3
   125 | D:1      | Reached XP level 2. HP: 20/24 MP: 4/4
   130 | D:1      | Reached skill level 3 in Axes
   558 | D:2      | Reached skill level 1 in Armour
   820 | D:2      | Reached XP level 3. HP: 28/29 MP: 5/5
  1293 | D:2      | Found an iron altar of Okawaru.
  1533 | D:2      | Found an ancient bone altar of Kikubaaqudgha.
  1536 | D:2      | Noticed a human
  1541 | D:2      | Killed a human
  1660 | D:3      | Reached XP level 4. HP: 34/36 MP: 6/6
  1804 | D:3      | Noticed Terence
  1832 | D:3      | Killed Terence
  1832 | D:3      | Reached skill level 4 in Axes
  1836 | D:3      | Reached XP level 5. HP: 17/41 MP: 7/7
  1853 | D:3      | Found a glowing drain.
  1866 | Sewer    | Entered a sewer
  2266 | Sewer    | Reached XP level 6. HP: 32/50 MP: 8/8
  2269 | Sewer    | Reached skill level 5 in Axes
  2936 | D:4      | Reached XP level 7. HP: 36/56 MP: 9/9
  2987 | D:4      | Reached skill level 6 in Axes
  3154 | D:4      | Found a shadowy altar of Dithmenos.
  3213 | D:4      | Found a hazy altar of Hepliaklqana.
  3284 | D:4      | Found a sand-covered staircase.
  3296 | Ossuary  | Entered an ossuary
  3741 | Ossuary  | Reached skill level 7 in Axes
  3928 | D:4      | Found a white marble altar of Elyvilon.
  3957 | D:4      | Found a runed translucent door.
  3959 | D:4      | Noticed rlgrobin's ghost (amateur VSFi)
  3972 | D:4      | Killed rlgrobin's ghost
  3972 | D:4      | Reached XP level 8. HP: 66/66 MP: 10/10
  3999 | D:5      | Entered Level 5 of the Dungeon
  4047 | D:5      | Noticed Edmund
  4092 | D:5      | Killed Edmund
  4274 | D:5      | Noticed Pikel
  4303 | D:5      | Killed Pikel
  4303 | D:5      | Reached skill level 8 in Axes
  4303 | D:5      | Reached skill level 5 in Armour
  4435 | D:5      | Noticed Eustachio
  4477 | D:5      | Killed Eustachio
  4477 | D:5      | Reached XP level 9. HP: 53/72 MP: 11/11
  4506 | D:5      | Noticed Sigmund
  4519 | D:5      | Killed Sigmund
  4525 | D:5      | Found a glowing silver altar of Zin.
  4672 | D:5      | Reached skill level 9 in Axes
  5077 | D:6      | Found a staircase to the Ecumenical Temple.
  5216 | D:6      | Noticed Menkaure
  5225 | D:6      | Killed Menkaure
  5225 | D:6      | Reached skill level 1 in Evocations
  5476 | D:6      | Noticed Blork the orc
  5489 | D:6      | Killed Blork the orc
  5735 | D:7      | Reached skill level 5 in Fighting
  6058 | D:6      | Reached skill level 10 in Axes
  6678 | D:7      | Reached XP level 10. HP: 66/81 MP: 14/14
  6743 | D:7      | Found a basalt altar of Yredelemnul.
  8077 | D:8      | Found a blossoming altar of Fedhas.
  8133 | D:8      | Noticed an obsidian statue
  8203 | D:8      | Noticed an orange crystal statue
  8447 | D:9      | Found a bloodstained altar of Trog.
  8452 | D:9      | Noticed a death yak
  8453 | D:9      | Found a staircase to the Lair.
  8468 | D:9      | Killed a death yak
  8468 | D:9      | Reached skill level 11 in Axes
  8606 | D:9      | Noticed a death yak
  8622 | D:9      | Noticed a death yak
  8972 | D:8      | Killed a death yak
  9180 | D:9      | Killed a death yak
  9848 | D:9      | Found a glowing golden altar of the Shining One.
  9848 | D:9      | Found an opulent altar of Gozag.
 10050 | D:9      | Reached XP level 11. HP: 54/89 MP: 17/17
 10333 | D:10     | Entered Level 10 of the Dungeon
 10403 | D:10     | Found a staircase to the Orcish Mines.
 10491 | D:10     | Noticed Harold
 10511 | D:10     | Killed Harold
 10605 | D:10     | Noticed Erica
 10618 | D:10     | Killed Erica
 10674 | D:10     | Found a portal to a secret trove of treasure.
 10890 | D:10     | Found a roughly hewn altar of Beogh.
 11083 | Orc:1    | Entered Level 1 of the Orcish Mines
 11251 | D:10     | Reached skill level 12 in Axes
 11552 | Orc:1    | Reached skill level 5 in Evocations
 11624 | Orc:1    | Noticed an orc warlord
 11902 | Orc:1    | Killed an orc warlord
 11902 | Orc:1    | Reached skill level 5 in Dodging
 12335 | Orc:2    | Entered Level 2 of the Orcish Mines
 12347 | Orc:2    | Found a staircase to the Elven Halls.
 12357 | Orc:1    | Noticed an orc knight
 12357 | Orc:1    | Noticed a two-headed ogre
 12358 | Orc:1    | Noticed an orc knight
 12369 | Orc:1    | Killed a two-headed ogre
 13043 | Orc:2    | Noticed an orc warlord
 13073 | Orc:2    | Mangled by an orc warlord

Skill      XL: |  1  2  3  4  5  6  7  8  9 10 11 |
---------------+----------------------------------+-----
Axes           | 3 4 5 7 8 10 11 12 | 12.3
Dodging        | 3 4 5 |  5.0
Armour         | 1 2 3 4 5 6 8 9 |  9.1
Fighting       | 2 3 4 5 6 |  6.8
Evocations     | 2 4 5 |  5.4
Throwing       | |  1.7

Action                   |  1- 3 |  4- 6 |  7- 9 | 10-12 || total
-------------------------+-------+-------+-------+-------++-------
Melee: War axe           |   116 |   133 |   561 |   161 ||   971
       Battleaxe         |       |       |       |   336 ||   336
Throw: Throwing net      |       |     3 |       |     1 ||     4
Evoke: Wand              |       |       |     1 |    23 ||    24
       Box of beasts     |       |       |       |     1 ||     1
  Use: Scroll            |     6 |     6 |    10 |     8 ||    30
       Potion            |       |     4 |     9 |     8 ||    21
 Stab: Sleeping          |     1 |       |       |       ||     1
       Invisible         |       |       |     4 |       ||     4
       Confused          |       |       |     5 |     4 ||     9
  Eat: Chunk             |     3 |     2 |    11 |    14 ||    30
       Ration            |       |       |     1 |     2 ||     3
Armor: Leather armour    |    12 |       |       |       ||    12
       Ring mail         |    40 |    78 |    84 |       ||   202
       Chain mail        |       |       |   196 |    76 ||   272
       Scale mail        |       |       |       |   206 ||   206
Dodge: Dodged            |    68 |   109 |   296 |   342 ||   815
